 Dungeon Crawl Stone Soup version bcrawl-1.40.1 (webtiles) character file.

Game seed: 9398345326690784728

469610 Baz the Peltast (level 15, -3/90 HPs)
             Began as a Skeleton Fire Elementalist on Oct 28, 2023.
             Was the Champion of Sif Muna.
             Slain by a harpy (13 damage)
             ... on level 1 of the Shoals.
             The game lasted 01:16:45 (24110 turns).

Baz the Peltast (Skeleton Fire Elementalist)       Turns: 24110, Time: 01:16:46

Health: -3/90      AC:  8    Str: 16    XL:     15   Next: 40%
Magic:  0/31       EV: 10    Int: 26    God:    Sif Muna [******]
Gold:   1063       SH: 16    Dex:  9    Spells: 12/38 levels left

rFire    + . .     GDR:     21% z - +0 whip (freeze)
rCold    + + .     SeeInvis +   h - +0 medium shield
rNeg     + + +     Gourm    .   A - +2 robe {RegenMP}
rPois    ∞         Faith    .   (no helmet)
rElec    .         Spirit   +   w - scarf {rC+ rF+}
rCorr    .         Reflect  +   r - +0 pair of gloves
MR       ++...                  o - +2 pair of boots
Stlth    ++........             v - +3 amulet of reflection
HPRegen  0.25/turn              e - ring of see invisible
MPRegen  0.44/turn              G - +7 ring of intelligence

@: no status effects
A: no food or potions, cold resistance 1, deterioration 1, negative energy
resistance 3, powered by death 1, torment resistance, unbreathing, magic shield,
sturdy frame 2, spell healing
a: Divine Energy, Channel Magic, Forget Spell, Moment of Magic, Renounce
Religion


You were on level 1 of the Shoals.
You worshipped Sif Muna.
Sif Muna was exalted by your worship.
You were not hungry.

You visited 4 branches of the dungeon, and saw 20 of its levels.
You also visited: Ossuary.

You collected 1552 gold pieces.
You spent 489 gold pieces at shops.

Inventory:

Hand Weapons
 z - a +0 whip of freezing (weapon)
Missiles
 d - 4286 stones (quivered)
Armour
 h - a +0 medium shield (worn)
 o - a +2 pair of boots (worn)
 r - a +0 pair of gloves (worn)
 u - a +0 buckler
 w - a scarf of resistance (worn)
 A - a +2 robe of magic recovery (worn)
Jewellery
 e - a ring of see invisible (left hand)
 t - a +3 ring of strength {unknown}
 v - a +3 amulet of reflection (around neck)
 x - an uncursed ring of protection from cold {unknown}
 B - an uncursed ring of protection from magic
 C - an uncursed ring of magical power
 G - a +7 ring of intelligence (right hand)
 H - a +5 ring of dexterity
Wands
 c - a wand of polymorph (5)
 i - a wand of disintegration (5)
 l - a wand of acid (10)
 E - a wand of flame (48)
 F - a wand of random effects (12)
 I - a wand of paralysis (24)
 K - a wand of charming (13)
Scrolls
 b - 3 scrolls of teleportation
 f - 5 scrolls of fear
 g - 12 scrolls of remove curse
 j - 3 scrolls of noise
 k - 4 scrolls of immolation
 m - 3 scrolls of enchant armour
 n - a scroll of blinking
 p - 4 scrolls of enchant weapon
 q - 3 scrolls of fog
 s - 9 scrolls of revelation
 y - a scroll of summoning
 D - a scroll of silence
 L - a scroll of amnesia
Miscellaneous
 a - a phantom mirror
 J - a phial of floods


   Skills:
 - Level 9.1 Fighting
 - Level 2.0 Dodging
 - Level 2.4 Stealth
 - Level 15.0 Shields
 - Level 12.1 Spellcasting
 + Level 14.6 Conjurations
 - Level 4.0 Translocations
 - Level 9.0 Fire Magic
 + Level 12.4 Earth Magic
 - Level 6.0 Invocations


You had 12 spell levels left.
You knew the following spells:

 Your Spells              Type           Power        Failure   Level  Hunger
a - Flame Tongue          Conj/Fire      #####        1%          1    N/A
b - Sticky Flame          Conj/Fire      ######..     1%          4    N/A
c - Fireball              Conj/Fire      ######....   3%          5    N/A
d - Bolt of Magma         Conj/Fire/Erth ######....   2%          5    N/A
e - Conjure Flame         Conj/Fire      ######..     1%          3    N/A
f - Blink                 Tloc           N/A          4%          2    N/A
g - Iron Shot             Conj/Erth      ######....   9%          6    N/A

Your spell library contained the following spells:

 Spells                   Type           Power        Failure   Level  Hunger
 Magic Dart               Conj           ####         1%          1    N/A
 Sandblast                Erth           ######       1%          1    N/A
 Sting                    Conj/Pois      ####         1%          1    N/A
 Passwall                 Tmut/Erth      #####...     1%          2    N/A
 Searing Ray              Conj           #######.     1%          2    N/A
 Throw Frost              Conj/Ice       ######       1%          2    N/A
 Dazzling Orbs            Conj/Hex       ######.      1%          3    N/A
 Iskenderun's Mystic Bla  Conj           #######.     1%          3    N/A
 Stone Arrow              Conj/Erth      ######       1%          3    N/A
 Apportation              Tloc           #####.       2%          1    N/A
 Flaming Arrows           Chrm/Fire      #####...     3%          2    N/A
 Inner Flame              Hex/Fire       N/A          7%          3    N/A
 Fulminant Prism          Conj/Hex       ######....   7%          4    N/A
 Lightning Bolt           Conj/Air       ######..     7%          4    N/A
 Throw Icicle             Conj/Ice       ######..     7%          4    N/A
 Beckoning                Tloc           #####.....   9%          3    N/A
 Corona                   Hex            ###....      14%         1    N/A
 Infusion                 Chrm           ###.....     14%         1    N/A
 Slow                     Hex            ###.....     14%         1    N/A
 Static Discharge         Air            ###...       14%         1    N/A
 Summon Butterflies       Summ           ###.....     14%         1    N/A
 Bolt of Fire             Conj/Fire      ######....   17%         6    N/A
 Irradiate                Conj/Tmut      ######....   19%         5    N/A
 Iskenderun's Battlesphe  Conj/Chrm      ######..     19%         5    N/A
 Venom Bolt               Conj/Pois      ######....   19%         5    N/A
 Corpse Rot               Necr           N/A          22%         2    N/A
 Sticks to Snakes         Tmut           ###.....     22%         2    N/A
 Orb of Destruction       Conj           #######...   28%         7    N/A
 Confuse                  Hex            ###.....     38%         3    N/A
 Tukima's Dance           Hex            ###.....     38%         3    N/A
 Bolt of Cold             Conj/Ice       ######....   71%         6    N/A
 Conjure Ball Lightning   Conj/Air       ######....   71%         6    N/A
 Poison Arrow             Conj/Pois      ######....   71%         6    N/A
 Airstrike                Air            ###.......   80%         4    N/A
 Yara's Violent Unravell  Hex/Tmut       ###.......   80%         4    N/A
 Summon Forest            Summ/Tloc      ####......   86%         5    N/A
 Silence                  Hex/Air        ###.......   98%         5    N/A
 Summon Lightning Spire   Summ/Air       ###.....     98%         5    N/A
 Summon Mana Viper        Hex/Summ       ###.....     98%         5    N/A
 Lehudib's Crystal Spear  Conj/Erth      ######....   98%         8    N/A
 Icicle Burst             Conj/Ice       ######....   99%         7    N/A
 Mana Rupture             Conj/Hex       ######....   99%         7    N/A
 Spellforged Servitor     Conj/Summ      ######....   99%         7    N/A
 Aura of Abjuration       Summ           ###.......   100%        6    N/A
 Deflect Missiles         Chrm/Air       ###.......   100%        6    N/A
 Summon Hydra             Summ           ###.......   100%        6    N/A
 Controlled Blink         Tloc           #####...     100%        7    N/A
 Malign Gateway           Summ/Tloc      ####......   100%        7    N/A
 Shadow Creatures         Summ           N/A          100%        7    N/A
 Chain Lightning          Conj/Air       ######....   100%        8    N/A
 Tornado                  Tloc/Air       ####......   100%        8    N/A
 Shatter                  Erth           ######....   100%        9    N/A
 Beastly Appendage        Tmut           Unusable     N/A         1    N/A
 Spider Form              Tmut/Pois      Unusable     N/A         3    N/A
 Ice Form                 Ice/Tmut       Unusable     N/A         4    N/A
 Tree Form                Hex/Tmut       Unusable     N/A         4    N/A
 Statue Form              Tmut/Erth      Unusable     N/A         6    N/A
 Blade Hands              Tmut           Unusable     N/A         5    N/A

Dungeon Overview and Level Annotations

Branches:
Dungeon (12/12)            Temple (0/1) D:5            Lair (4/6) D:7
  Swamp (3/3) Lair:3       Shoals (1/3) Lair:2          Orc (0/1) D:8
 Vaults (0/3) D:12         Depths (0/5) D:12

Altars:
Ashenzari
Cheibriados
Dithmenos
Kikubaaqudgha
Lugonu
Qazlal
Ru
Sif Muna
Trog
Xom
Yredelemnul

Shops:
D:5 :   D:7 }*!%[   D:8 (   D:11 (=

Portals:
Trove: D:10 (give 3 potions of haste)

Annotations:
D:5 exclusions: crimson imp, shadow and skeleton
Lair:4 3 runed translucent doors, Lutiheq's ghost, journeyman DrTm
Swamp:3 Lernaean hydra


Innate Abilities, Weirdness & Mutations

You do not eat or drink.
You are immune to poison.
Your flesh is cold resistant. (rC+)
Your body sometimes deteriorates upon taking damage.
You are immune to negative energy. (rN+++)
You regenerate a little health from kills.
You are immune to unholy pain and torment.
You can survive without breathing.
When hurt, damage is shared between your health and your magic reserves.
Your movements are less encumbered by armour. (ER -4)
Casting spells heals you.


Message History

Aiming: Sticky Flame (safe; 1% risk of failure)
Press: ? - help, Shift-Dir - straight line, f - harpy, p - harpy
Aim: a harpy (lightly wounded)
The sticky flame hits the harpy!
The harpy is moderately wounded.
The harpy is covered in liquid flames!
The harpy burns! x3
The harpy claws you. The harpy claws you! The harpy claws you.
You block the harpy's attack. x2; The harpy claws you but does no damage.
The harpy claws you! You block the harpy's attack. The harpy claws you!
* * * LOW HITPOINT WARNING * * *
The harpy claws you but does no damage.
No path to travel!
The harpy screeches!
The harpy burns! x3; You block the harpy's attack.
The harpy closely misses you. The harpy claws you!
* * * LOW HITPOINT WARNING * * *
The harpy claws you.
* * * LOW HITPOINT WARNING * * *
The harpy claws you!
You die...

#.. #.≈≈≈≈... .≈≈.
..##...≈.... .≈P.
......≈≈... #...
#..(..≈≈... ##.$
#.....≈....
.#.#..#####.....≈....
......#......<†≈≈..≈≈
≈.......H.....≈≈≈≈≈≈≈
....PP.H@....).≈≈≈≈≈≈
.....≈..H..)≈..##..≈≈
..###...H.≈≈≈..# ≈≈≈
#.....≈≈≈..# ≈≈
....###.≈≈≈≈.# ≈
..... #.≈≈≈.†# .....
...≈≈≈....
≈.......≈≈≈≈≈.... ≈≈.
≈≈≈≈≈≈≈.....


You could see 4 harpies.

Vanquished Creatures
  A wendigo (Swamp:1)
  2 thorn hunters (Swamp:2)
  2 fire dragons (D:12)
  13 hydras
  Erica (D:9)
  Psyche (D:8)
  4 two-headed ogres
  2 ghost crabs
  5 shambling mangroves
  A death knight (D:11)
  3 tengu warriors
  9 alligators
  An ogre mage (D:12)
  A spriggan (Swamp:2)
  2 centaur warriors
  A goliath frog (Swamp:2)
  3 skeletal warriors (D:12)
  5 swamp dragons
  An unseen horror (shapeshifter) (D:12)
  A deep elf archer (D:11)
  A phantasmal warrior (D:11)
  Pikel (D:7)
  3 harpies (Lair:2)
  A necromancer (Lair:4)
  2 ugly things
  A moth of wrath (Lair:2)
  2 manticores (D:11)
  6 elephants (Lair:4)
  3 black mambas
  A merfolk siren (Shoals:1)
  4 rime drakes (Lair:4)
  7 cane toads
  A freezing wraith (D:10)
  2 komodo dragons
  An eye of draining (D:9)
  3 trolls
  A merfolk (Shoals:1)
  5 tyrant leeches
  A harpy skeleton (D:9)
  7 bog bodies
  13 hornets
  7 blink frogs
  3 dream sheep (Shoals:1)
  9 hippogriffs
  14 slime creatures
  A shadow (D:11)
  5 wraiths
  31 yaks
  6 basilisks (Lair:4)
  8 wyverns (Lair:4)
  18 vampire mosquitoes
  A hungry ghost (D:10)
  2 steam dragons
  Menkaure (D:5)
  2 wargs (D:7)
  10 swamp worms
  A water moccasin (Lair:3)
  7 crocodiles
  2 ice beasts
  7 porcupines
  6 orc warriors
  4 phantoms
  14 swamp drakes
  A black bear (D:8)
  3 soldier ants (D:9)
  3 sky beasts
  2 hornet zombies
  6 ogres
  2 elephant zombies (Lair:4)
  11 bullfrogs
  A komodo dragon zombie (Lair:4)
  2 gnoll sergeants
  4 centaurs
  5 scorpions
  10 killer bees
  12 wights
  5 electric eels
  A howler monkey (D:8)
  9 orc priests
  A crimson imp (D:12)
  A bullfrog zombie (D:8)
  3 hounds
  7 jellies
  A basilisk zombie (Lair:4)
  A human zombie (Ossuary)
  4 iguanas
  8 worker ants
  20 orc wizards
  A kobold zombie (Ossuary)
  2 hound skeletons
  A hound zombie (D:5)
  A worker ant zombie (D:9)
  3 gnolls (D:10)
  11 adders
  A scorpion zombie (Ossuary)
  3 shadow imps
  2 oozes
  2 adder skeletons (D:8)
  6 worms
  A dart slug (D:5)
  3 leopard geckos (D:2)
  42 orcs
  5 bats
  2 giant cockroaches
  2 gnoll zombies (Ossuary)
  6 goblins
  14 hobgoblins
  7 jackals (D:8)
  3 quokkas
  A ball python skeleton (D:4)
  6 frilled lizards
  2 goblin zombies (Ossuary)
  A hobgoblin zombie (Ossuary)
  10 kobolds
  An orc zombie (Ossuary)
  A quokka skeleton (D:5)
  8 rats
555 creatures vanquished.

Vanquished Creatures (others)
  An alligator (Swamp:3)
  2 centaur warriors (D:11)
  A howler monkey skeleton (D:8)
  An adder (D:9)
  2 briar patches (Swamp:2)
  A bush (Lair:4)
  4 fungi (Lair:4)
  4 plants
16 creatures vanquished.

Grand Total: 571 creatures vanquished

Notes
Turn   | Place    | Note
-------+----------+-------------------------------------------
     0 | D:1      | Baz the Skeleton Fire Elementalist began the quest for the
                  | Orb.
     0 | D:1      | Reached XP level 1. HP: 10/10 MP: 4/4
   294 | D:1      | Reached XP level 2. HP: 16/16 MP: 1/6
   856 | D:2      | Reached skill level 1 in Fighting
   876 | D:2      | Reached XP level 3. HP: 20/20 MP: 1/7
  1162 | D:2      | Found a sacrificial altar of Ru.
  1311 | D:2      | Got a coiled lead ring
  1973 | D:2      | Identified the ring "Kysit" {Ice MR+} (You found it on
                  | level 2 of the Dungeon)
  2071 | D:3      | Reached XP level 4. HP: 25/25 MP: 5/9
  2236 | D:3      | Reached XP level 5. HP: 27/30 MP: 3/11
  2566 | D:3      | Found a shattered altar of Ashenzari.
  3083 | D:4      | Gained mutation: You regenerate a little health from kills.
                  | [Skeleton growth]
  3083 | D:4      | Reached XP level 6. HP: 36/36 MP: 7/12
  3096 | D:4      | Found a sand-covered staircase.
  3100 | Ossuary  | Entered an ossuary
  3188 | Ossuary  | Learned a level 4 spell: Sticky Flame
  3473 | D:4      | Reached skill level 5 in Conjurations
  3568 | D:4      | Found a shimmering blue altar of Sif Muna.
  3618 | D:4      | Became a worshipper of Sif Muna the Loreminder
  3726 | D:4      | Reached skill level 5 in Spellcasting
  3776 | D:4      | Reached XP level 7. HP: 41/41 MP: 3/14
  3783 | D:4      | Learned a level 5 spell: Fireball
  4175 | D:4      | Found a bloodstained altar of Trog.
  4275 | D:4      | Reached * piety under Sif Muna
  4361 | D:5      | Entered Level 5 of the Dungeon
  4533 | D:5      | Noticed a shadow
  4566 | D:5      | Reached skill level 1 in Shields
  4656 | D:5      | Found Rufyol's Book Shop.
  4804 | D:5      | Reached skill level 2 in Shields
  4804 | D:5      | Reached skill level 5 in Fire Magic
  4804 | D:5      | Reached XP level 8. HP: 24/46 MP: 2/17
  5104 | D:5      | Found a glowing silver altar of Zin.
  5163 | D:5      | Noticed Menkaure
  5174 | D:5      | Killed Menkaure
  5175 | D:5      | Reached ** piety under Sif Muna
  5175 | D:5      | Reached skill level 3 in Shields
  5417 | D:5      | Found a staircase to the Ecumenical Temple.
  5713 | D:6      | Reached skill level 4 in Shields
  5748 | D:6      | Identified Sif Muna's Tome of the Enchanting Rocks (Sif
                  | Muna gifted it to you on level 6 of the Dungeon)
  5748 | D:6      | Received a gift from Sif Muna
  5812 | D:6      | Learned a level 5 spell: Bolt of Magma
  6016 | D:6      | Reached skill level 5 in Shields
  6430 | D:7      | Found Esahiwogac's Food Emporium.
  6510 | D:7      | Found Arraoramu's Antique Armour Boutique.
  6535 | D:7      | Found a staircase to the Lair.
  6546 | D:7      | Reached *** piety under Sif Muna
  6546 | D:7      | Reached skill level 1 in Earth Magic
  6546 | D:7      | Reached XP level 9. HP: 52/52 MP: 15/19
  6757 | D:7      | Found a shimmering altar of Xom.
  7010 | D:7      | Found a stormy altar of Qazlal.
  7197 | D:7      | Found Tedapuwo's Distillery.
  7235 | D:7      | Found Qeifye's Assorted Antiques.
  7297 | D:7      | Bought a scroll labeled QOEROT POJOI for 27 gold pieces
  7297 | D:7      | Bought a scroll of identify for 54 gold pieces
  7297 | D:7      | Bought a scroll labeled NILURY WEYXUS for 27 gold pieces
  7297 | D:7      | Bought 3 scrolls labeled SUOWNA HIYBORO for 81 gold pieces
  7349 | D:7      | Noticed Pikel
  7363 | D:7      | Killed Pikel
  7364 | D:7      | Reached **** piety under Sif Muna
  7364 | D:7      | Reached skill level 5 in Fighting
  7413 | D:7      | Found Vios's Gadget Emporium.
  7417 | D:7      | Bought a wand of acid (9) for 300 gold pieces
  7661 | D:8      | Found a staircase to the Orcish Mines.
  7662 | D:8      | Found Joxun's Weapon Boutique.
  7975 | D:8      | Noticed a troll
  8136 | D:8      | Gained mutation: Your movements are less encumbered by
                  | armour. (ER -4) [Skeleton growth]
  8136 | D:8      | Reached XP level 10. HP: 60/60 MP: 18/23
  8162 | D:8      | Reached skill level 10 in Conjurations
  8169 | D:8      | Reached ***** piety under Sif Muna
  8733 | D:7      | Received a gift from Sif Muna
  8738 | D:7      | Learned a level 3 spell: Conjure Flame
  8750 | Lair:1   | Entered Level 1 of the Lair of Beasts
  8886 | Lair:1   | Noticed a black mamba
  8891 | Lair:1   | Killed a black mamba
  9319 | Lair:1   | Noticed a four-headed hydra
  9326 | Lair:1   | Killed a four-headed hydra
  9327 | Lair:1   | Reached skill level 5 in Earth Magic
  9748 | Lair:2   | Reached skill level 10 in Spellcasting
  9794 | Lair:2   | Noticed a cane toad
  9802 | Lair:2   | Killed a cane toad
 10102 | Lair:2   | Noticed a cane toad
 10112 | Lair:2   | Killed a cane toad
 10113 | Lair:2   | Reached ****** piety under Sif Muna
 10253 | Lair:2   | Found a runed door.
 10284 | Lair:2   | Found a staircase to the Shoals.
 10284 | Lair:2   | Noticed a harpy
 10284 | Lair:2   | Noticed a harpy
 10284 | Lair:2   | Noticed a moth of wrath
 10287 | Lair:2   | Noticed a harpy
 10705 | Lair:3   | Found a staircase to the Swamp.
 10715 | Lair:3   | Reached XP level 11. HP: 64/67 MP: 21/25
 11110 | Lair:3   | Noticed a four-headed hydra
 11200 | Lair:3   | Identified Sif Muna's Disquisition on the Destructive
                  | Voyage (Sif Muna gifted it to you on level 3 of the Lair of
                  | Beasts)
 11200 | Lair:3   | Received a gift from Sif Muna
 11245 | Lair:3   | Learned a level 2 spell: Blink
 11257 | Lair:3   | Killed a four-headed hydra
 11258 | Lair:3   | Reached skill level 1 in Translocations
 12337 | Lair:4   | Reached XP level 12. HP: 56/75 MP: 2/27
 12501 | Lair:4   | Noticed a four-headed hydra
 12514 | Lair:4   | Killed a four-headed hydra
 12562 | Lair:4   | Learned a level 6 spell: Iron Shot
 12882 | Lair:4   | Identified Sif Muna's Tome of Supportive Arcane Weapons
                  | (Sif Muna gifted it to you on level 4 of the Lair of
                  | Beasts)
 12882 | Lair:4   | Received a gift from Sif Muna
 12949 | Lair:4   | Found a runed translucent gate.
 12949 | Lair:4   | Found a runed translucent gate.
 12949 | Lair:4   | Found a runed translucent gate.
 12969 | Lair:4   | Noticed Lutiheq's ghost (journeyman DrTm)
 13134 | Lair:4   | Reached skill level 6 in Shields
 13528 | Lair:4   | Reached skill level 1 in Invocations
 14034 | D:9      | Found a blossoming altar of Fedhas.
 14040 | D:9      | Noticed Psyche
 14095 | D:8      | Killed Psyche
 14150 | D:9      | Found a shadowy altar of Dithmenos.
 14150 | D:9      | Found a basalt altar of Yredelemnul.
 14168 | D:9      | Found an ancient bone altar of Kikubaaqudgha.
 14177 | D:9      | Found a snail-covered altar of Cheibriados.
 14182 | D:9      | Noticed Erica
 14188 | D:9      | Killed Erica
 14189 | D:9      | Reached skill level 7 in Shields
 14608 | D:9      | Noticed a two-headed ogre
 14612 | D:9      | Killed a two-headed ogre
 14689 | D:9      | Reached XP level 13. HP: 80/80 MP: 5/29
 15159 | D:9      | Found a corrupted altar of Lugonu.
 15290 | D:10     | Entered Level 10 of the Dungeon
 15509 | D:10     | Reached skill level 8 in Shields
 16017 | D:10     | Found a portal to a secret trove of treasure.
 16233 | D:11     | Found Feyst's Jewellery Emporium.
 16338 | D:11     | Found Hynoucwe's Antique Weapon Shoppe.
 16589 | D:10     | Reached skill level 9 in Shields
 16840 | D:11     | Reached skill level 10 in Earth Magic
 17263 | D:11     | Reached skill level 10 in Shields
 17639 | D:12     | Entered Level 12 of the Dungeon
 17715 | D:12     | Reached skill level 5 in Invocations
 17881 | D:12     | Identified Sif Muna's Handbook of the Harmful Glacier (Sif
                  | Muna gifted it to you on level 12 of the Dungeon)
 17881 | D:12     | Received a gift from Sif Muna
 18123 | D:12     | Noticed a fire dragon
 18284 | D:12     | Killed a fire dragon
 18284 | D:12     | Noticed a fire dragon
 18285 | D:12     | Reached skill level 11 in Shields
 18325 | D:12     | Killed a fire dragon
 18629 | D:12     | Reached XP level 14. HP: 86/86 MP: 13/30
 18702 | D:12     | Found a staircase to the Depths.
 19031 | D:12     | Found a gate to the Vaults.
 19504 | Swamp:1  | Entered Level 1 of the Swamp
 20098 | Swamp:1  | Reached skill level 12 in Shields
 20781 | Swamp:1  | Noticed a wendigo
 20787 | Swamp:1  | Killed a wendigo
 21177 | Swamp:2  | Reached skill level 13 in Shields
 21224 | Swamp:2  | Noticed a thorn hunter
 21236 | Swamp:2  | Killed a thorn hunter
 21776 | Swamp:2  | HP: 3/86 [hornet[a shambling mangrove] (12)]
 21976 | Swamp:2  | Identified Sif Muna's Collected Works on the Earthen
                  | Volcanoes (Sif Muna gifted it to you on level 2 of the
                  | Swamp)
 21976 | Swamp:2  | Received a gift from Sif Muna
 22198 | Swamp:2  | Reached skill level 14 in Shields
 22394 | Swamp:2  | Noticed a thorn hunter
 22427 | Swamp:2  | Killed a thorn hunter
 22428 | Swamp:2  | Reached XP level 15. HP: 69/90 MP: 5/31
 22774 | Swamp:3  | Entered Level 3 of the Swamp
 23808 | Swamp:3  | Reached skill level 15 in Shields
 23884 | Swamp:3  | Noticed the 27-headed Lernaean hydra
 24019 | Shoals:1 | Entered Level 1 of the Shoals
 24110 | Shoals:1 | Slain by a harpy

Skill      XL: |  1  2  3  4  5  6  7  8  9 10 11 12 13 14 15 |
---------------+----------------------------------------------+-----
Conjurations   | 2 3 4 5 7 8 9 10 11 12 14 | 14.6
Fighting       | 1 2 3 5 7 8 9 |  9.1
Spellcasting   | 4 5 6 7 9 10 11 12 | 12.1
Fire Magic     | 4 5 6 8 9 |  9.0
Shields        | 2 5 7 11 14 15 | 15.0
Earth Magic    | 1 4 6 7 9 10 11 12 | 12.4
Translocations | 4 |  4.0
Invocations    | 3 5 6 |  6.0
Dodging        | |  2.0
Stealth        | |  2.4

Action                   |  1- 3 |  4- 6 |  7- 9 | 10-12 | 13-15 || total
-------------------------+-------+-------+-------+-------+-------++-------
Melee: Unarmed           |    12 |       |       |       |       ||    12
       Short sword       |       |    17 |    36 |       |       ||    53
       Whip              |       |       |       |    10 |    61 ||    71
 Cast: Flame Tongue      |    84 |   126 |   293 |   462 |   322 ||  1287
       Sticky Flame      |       |     4 |    15 |    82 |    70 ||   171
       Conjure Flame     |       |       |       |    15 |    11 ||    26
       Fireball          |       |       |       |    27 |    69 ||    96
       Bolt of Magma     |       |       |       |    16 |   186 ||   202
       Iron Shot         |       |       |       |       |     7 ||     7
Invok: Divine Energy     |       |     1 |       |       |       ||     1
       Channel Magic     |       |       |       |       |     2 ||     2
Evoke: Wand              |       |     4 |       |       |     4 ||     8
  Use: Scroll            |     2 |     2 |     5 |     7 |    10 ||    26
Armor: Robe              |    11 |    12 |    37 |    65 |    52 ||   177
Dodge: Dodged            |    31 |    56 |    83 |   116 |   113 ||   399
Block: Buckler           |       |       |    33 |   118 |    12 ||   163
       Reflection        |       |       |       |     4 |    11 ||    15
       Medium shield     |       |       |       |       |   244 ||   244
       Other             |       |       |       |       |     2 ||     2
